 Dungeon Crawl Stone Soup version 0.30-a0-329-g85436e0a43 (webtiles) character file.

Game seed: 13802331141854788728

7 IdlyInterested the Grasshopper (level 1, -2/13 HPs)
             Began as a Demonspawn Wanderer on Oct 28, 2022.
             Slain by a kobold
             ... wielding a +0 short sword
              (3 damage)
             ... on level 1 of the Dungeon.
             The game lasted 00:00:40 (150 turns).

IdlyInterested the Grasshopper (Demonspawn Wanderer) Turns: 150, Time: 00:00:40

Health: -2/13      AC:  2    Str: 11    XL:     1   Next: 83%
Magic:  2/2        EV: 11    Int: 13    God:
Gold:   9          SH:  0    Dex: 13    Spells: 1/2 levels left

rFire   . . .      SeeInvis .    a - +2 dagger
rCold   . . .      Faith    .    (no shield)
rNeg    . . .      Spirit   .    e - +0 robe
rPois   .          Reflect  .    (no helmet)
rElec   .          Harm     .    (no cloak)
rCorr   .          Rampage  .    (no gloves)
Will    .....                    (no boots)
Stlth   ++........               (no amulet)
HPRegen 0.22/turn                (no ring)
MPRegen 0.08/turn                (no ring)

@: no status effects
A: no striking features
a: no special abilities


You were on level 1 of the Dungeon.
You visited 1 branch of the dungeon, and saw 1 of its levels.

You collected 9 gold pieces.

Inventory:

Hand Weapons
 a - a +2 dagger (weapon)
Armour
 e - a +0 robe (worn)
Wands
 c - a wand of flame (4)
Scrolls
 f - a scroll of blinking {unknown}
Potions
 b - a potion of haste
 d - a potion of attraction


   Skills:
 * Level 0.3 Fighting
 + Level 2.8 Stealth
 - Level 1.0 Spellcasting
 * Level 3.0 Translocations
 - Level 2.4 Invocations
 - Level 1.0 Evocations


You had one spell level left.
You knew the following spells:

 Your Spells              Type           Power      Damage    Failure   Level
a - Apportation           Tloc           16%        N/A       9%          1

Your spell library contained the following spells:

 Spells                   Type           Power      Damage    Failure   Level
 Teleport Other           Tloc           8%         N/A       24%         3


Dungeon Overview and Level Annotations

Branches:
Dungeon (1/15)

Altars:


Message History

A kobold and a bat come into view.
The goblin shouts!
You hear a shout!
The bat barely misses you. The goblin hits you with a +0 club.
You miss the goblin. The bat misses you. The bat hits you but does no damage.
The goblin completely misses you.
A hobgoblin comes into view.
You hit the goblin.
You kill the goblin!
The bat barely misses you.
Your Translocations skill increases to level 3!
You miss the kobold. The bat hits you. The bat closely misses you.
The kobold barely misses you.
You hit the bat.
The bat is severely wounded.
The bat hits you. The kobold barely misses you.
You hit the kobold.
The kobold is moderately wounded.
The bat closely misses you. The kobold misses you.
You closely miss the kobold.
The kobold is moderately wounded.
The kobold hits you with a +0 short sword.
A hobgoblin breaks down the door.
Found a scroll labelled ALUOCS TABI and 10 gold pieces.
Found a stone staircase leading down.
A frilled lizard and a goblin come into view.
You closely miss the bat.
The bat is severely wounded.
The bat misses you.
The kobold hits you with a +0 short sword.
You hit the hobgoblin.
The hobgoblin is moderately wounded.
The bat barely misses you. The kobold barely misses you.
The hobgoblin hits you.
* * * LOW HITPOINT WARNING * * *
Unknown command.
You hit the hobgoblin.
The hobgoblin is heavily wounded.
The bat misses you. x2
The kobold hits you with a +0 short sword.
You die...

##. ... #.# #
....>
##.######.#.#..
......b)K......
#.###.@g#
.#......#.g...#
........# ?...#
.#####..# ..l#
###.....# $.#
........# .#
........#######
.........#.....
...#.#....#..


You could see a hobgoblin, a goblin (asleep), a bat, a kobold and a frilled
lizard (asleep).

Vanquished Creatures
  2 hobgoblins (D:1)
  A quokka (D:1)
  A bat (D:1)
  2 goblins (D:1)
6 creatures vanquished.

Notes
Turn   | Place    | Note
-------+----------+-------------------------------------------
     0 | D:1      | IdlyInterested the Demonspawn Wanderer began the quest for
                  | the Orb.
     0 | D:1      | IdlyInterested set off with the following items: a +2
                  | dagger, a potion of haste, a wand of flame (4), a potion of
                  | attraction, a +0 robe; and the following spell memorised:
                  | Apportation; and the following spells available to
                  | memorise: Teleport Other.
     0 | D:1      | Reached XP level 1. HP: 13/13 MP: 2/2
   144 | D:1      | Reached skill level 3 in Translocations
   150 | D:1      | Slain by a kobold

Illustrated notes

Levels and vault maps discovered:
D:1:      onia_arrival_mini_spirals, layout_basic,
          shapermc_ecumenical_altar_acropolis, minmay_3d_cube

Skill      XL: |  1 |
---------------+----+-----
Translocations | 3 |  3.0
Fighting       | |  0.3
Stealth        | |  2.8
Spellcasting   | |  1.0
Invocations    | |  2.4
Evocations     | |  1.0

Action                   || total
-------------------------++-------
Melee: Dagger            ||    19
 Stab: Sleeping          ||     3
Armor: Robe              ||     1
Dodge: Dodged            ||    16

Table legend: (Time is in decaauts)
 A = Elapsed time spent in this place.
 B = Non-inter-level travel time spent in this place.
 C = Inter-level travel time spent in this place.
 D = Time resting spent in this place.
 E = Time spent auto-exploring this place.
 F = Levels seen in this place.
 G = Mean time per level.
                   A        B        C        D        E       F      G
               +--------+--------+--------+--------+--------+-----+--------+
         Total |    150 |    150 |      0 |     16 |     81 |   1 |  150.0 |
       Dungeon |    150 |    150 |      0 |     16 |     81 |   1 |  150.0 |
               +--------+--------+--------+--------+--------+-----+--------+

Top non-repeatable levels by time:
     D:1: 150 daAuts
